 Dungeon Crawl Stone Soup version 0.31-a0-321-g19405a7a6a (webtiles) character file.

Game seed: 16470063365650988298

7963 RepHenryClay the Spear-Bearer (level 11, -2/69 (72) HPs)
             Began as a Merfolk Warper on July 18, 2023.
             Was an Elder of Okawaru.
             Slain by an ettin
             ... wielding a +0 dire flail of draining
              (28 damage)
             ... on level 2 of the Orcish Mines.
             The game lasted 00:17:07 (9820 turns).

RepHenryClay the Spear-Bearer (Merfolk Warper)      Turns: 9820, Time: 00:17:08

HP:   -2/69 (72)    AC: 12    Str: 11    XL:     11   Next: 23%
MP:   13/14         EV: 24    Int: 13    God:    Okawaru [****..]
Gold: 442           SH: 10    Dex: 18    Spells: 14/14 levels left

rFire   . . .        a - +2 trident (freeze)
rCold   . . .        R - +2 buckler
rNeg    . . .        S - +0 steam dragon scales
rPois   .            Y - +0 helmet
rElec   .            A - +0 cloak
rCorr   .            x - +0 pair of gloves
SInv    .            T - +1 pair of boots
Will    +....        U - amulet of regeneration
Stlth   +++          p - +4 ring of slaying
HPRegen 1.11/turn    s - ring of willpower
MPRegen 0.14/turn

%: no passive effects
@: heroic, lightly drained
A: (nimble swimmer 2), mertail
a: Renounce Religion, Heroism, Finesse


You were on level 2 of the Orcish Mines.
You worshipped Okawaru.
Okawaru was greatly pleased with you.
You visited 3 branches of the dungeon, and saw 12 of its levels.
You also visited: Sewer.

You collected 991 gold pieces.
You spent 549 gold pieces at shops.

Inventory:

Hand Weapons
 a - a +2 trident of freezing (weapon)
 z - a +0 spear of flaming
 H - the +0 trident of the Charming Seeker {flame, Will+}
   (You bought it in a shop on level 8 of the Dungeon)

   Will:      It increases your willpower.
Missiles
 d - 7 boomerangs of dispersal (quivered)
 K - a throwing net
Armour
 t - an orb of mayhem
 x - a +0 pair of gloves (worn)
 A - a +0 cloak (worn)
 N - a +1 robe of cold resistance
 R - a +2 buckler (worn)
 S - +0 steam dragon scales (worn)
 T - a +1 pair of boots (worn)
 Y - a +0 helmet (worn)
Jewellery
 e - a ring of resist corrosion
 k - a ring of fire
 l - a ring of see invisible
 p - a +4 ring of slaying (left hand)
 r - a ring of positive energy
 s - a ring of willpower (right hand)
 L - a +6 ring of strength
 O - a +6 ring of strength
 U - an amulet of regeneration (around neck)
 X - a +6 ring of dexterity
Wands
 Q - a wand of iceblast (4)
 V - a wand of mindburst (6)
 W - a wand of polymorph (4)
Scrolls
 b - a scroll of torment {unknown}
 c - 3 scrolls of blinking
 f - a scroll of amnesia
 g - a scroll of identify {@r1}
 h - 2 scrolls of fear
 i - a scroll of immolation {unknown}
 m - a scroll of brand weapon
 q - a scroll of noise {unknown}
 u - 6 scrolls of teleportation
 y - a scroll of revelation
 C - 3 scrolls of enchant weapon
 E - 2 scrolls of enchant armour
 G - 2 scrolls of fog
 M - 6 scrolls of poison {unknown}
Potions
 j - 2 potions of magic
 n - 8 potions of enlightenment
 o - a potion of might
 v - a potion of invisibility
 w - a potion of mutation
 B - a potion of lignification
 D - a potion of berserk rage {unknown}
 F - a potion of degeneration {unknown}
 I - a potion of brilliance {unknown}
 J - 4 potions of curing
 P - a potion of attraction {unknown}


   Skills:
 - Level 2.3(7.3) Fighting
 - Level 13.5(18.5) Polearms
 - Level 1.1(6.1) Throwing
 - Level 0.7(5.7) Armour
 - Level 13.5(18.5) Dodging
 + Level 7.3(12.3) Shields
 - Level 2.0 Spellcasting
 - Level 2.4 Translocations
 - Level 5.0 Invocations


You had 14 spell levels left.
You didn't know any spells.
Your spell library contained the following spells:

 Spells                   Type           Power      Damage    Failure   Level
 Blink                    Tloc           14%        N/A       17%         2
 Lesser Beckoning         Tloc           14%        N/A       17%         2
 Teleport Other           Tloc           7%         N/A       32%         3
 Ensorcelled Hibernation  Hex/Ice        2%         N/A       43%         2
 Sublimation of Blood     Necr           1%         N/A       43%         2
 Wereblood                Tmut           1%         N/A       43%         2
 Vhi's Electric Charge    Tloc/Air       8%         N/A       50%         3
 Volatile Blastmotes      Fire/Tloc      8%         2d10      50%         3
 Dazzling Flash           Conj/Hex       2%         N/A       67%         3
 Manifold Assault         Tloc           7%         N/A       73%         4
 Anguish                  Hex/Necr       0%         N/A       97%         4
 Leda's Liquefaction      Hex/Erth       0%         N/A       97%         4
 Petrify                  Tmut/Erth      1%         N/A       97%         4
 Irradiate                Conj/Tmut      0%         3d11      100%        5
 Starburst                Conj/Fire      0%         6d3       100%        6
 Maxwell's Capacitive Co  Air            0%         ∞         100%        8
 Summon Hydra             Summ           Unusable   N/A       N/A         7

Dungeon Overview and Level Annotations

Branches:
Dungeon (9/15)             Temple (1/1) D:6             Orc (2/2) D:9
  Sewer (visited)
   Lair: D:8-11         Elf: Orc:2

Altars:
Cheibriados
Dithmenos
Elyvilon
Fedhas
Gozag
Hepliaklqana
Kikubaaqudgha
Makhleb
Nemelex Xobeh
Okawaru
Qazlal
Ru
Trog
Uskayaw
Vehumet
Wu Jian
Xom
Yredelemnul
Zin
The Shining One

Shops:
D:3 ?:   D:4 [   D:6 *   D:8 (?:[*

Annotations:
D:2 1 runed translucent door, Crazy Yiuf
D:3 2 transporters, AlmostDecent's ghost, amateur GnIE
D:4 2 runed translucent doors, porpoise's ghost, novice KoHu
D:6 1 runed translucent door, Urgle's ghost, novice DsFi
D:7 1 transporter


Innate Abilities, Weirdness & Mutations

((You are very nimble when in or above water. (Stealth+, EV+, Speed+++)))
Your lower body shifts to a powerful aquatic tail in water.


Message History

You climb upwards.
The two-headed ogre shouts in stereo!
Found 38 gold pieces.
There is a stone staircase leading down here.
The ogre shouts!
You gain the combat prowess of a mighty hero.
You can't go up here!
The ettin misses you. The ettin completely misses you.
You climb downwards.
There is a stone staircase leading up here.
The ettin barely misses you. x2
You hit the ettin but do no damage.
An ogre comes into view. It is wielding a +0 giant club.
The ettin misses you.
The ettin hits you with a +0 dire flail!
Damage: -18%(-13hp) hp: 82%(59hp) Unknown command.
The ogre shouts!
You hit the ettin. You freeze the ettin.
The ettin is lightly wounded.
You puncture the ettin! You freeze the ettin.
The ettin is moderately wounded.
The ettin closely misses you. The ettin completely misses you.
You hit the ettin. You freeze the ettin.
The ettin is moderately wounded.
You hit the ettin but do no damage.
The ettin is moderately wounded.
The ettin closely misses you. x2
You hit the ettin. You freeze the ettin.
The ettin is heavily wounded.
The ettin hits you with a +0 dire flail of draining!!
You feel drained.
* * * LOW HITPOINT WARNING * * *
You block the ettin's attack.
Huge Dmg: -53%(-37hp) hp: 37%(25hp)
You hit the ettin but do no damage.
The ettin is heavily wounded.
The ettin attacks as you move away! You block the ettin's attack.
The ettin hits you with a +0 dire flail!!
You die...

### #.## #.. ####.## #...
##...C<## #...## ##....@..#
......# #........### .......
####.........# .......
##.#..........###
.......##..#.O........^.##
.............<...........##
.#$.........))..##........##
###...........##..........##
#........######..........#


You could see an ettin and an ogre.

Vanquished Creatures
  A two-headed ogre (D:9)
  Pikel (D:7)
  A komodo dragon (D:7)
  Maggie (D:7)
  A hornet (D:9)
  Grinder (D:6)
  Prince Ribbit (D:7)
  Sigmund (D:6)
  A wyvern (D:9)
  2 steam dragons
  5 yaks (D:9)
  4 vampire mosquitoes (D:8)
  2 wargs (Orc:2)
  3 water moccasins
  Duvessa (D:4)
  4 orc warriors
  A sky beast (D:7)
  2 ogres
  A centaur (D:5)
  2 lemures (D:7)
  A phantom (Temple)
  Blork the orc (D:4)
  A kobold brigand (D:7)
  A bullfrog (D:8)
  13 wights
  3 scorpions
  Dowan (D:4)
  8 killer bees
  3 howler monkeys (D:5)
  6 hounds
  4 jellies
  2 orc priests
  2 sleepcaps (D:4)
  An iron imp (D:9)
  An iguana (D:5)
  Natasha (D:4)
  8 orc wizards
  A sickly merfolk siren (Sewer)
  A malarious merfolk avatar (Sewer)
  3 gnolls (D:5)
  13 adders
  3 river rats (Sewer)
  A white imp (D:6)
  An ufetubus (D:5)
  A worm (D:2)
  2 dart slugs
  54 orcs
  7 ball pythons
  6 bats
  6 endoplasms
  8 giant cockroaches
  4 goblins
  3 hobgoblins
  4 jackals (D:2)
  8 kobolds
  6 quokkas
  6 frilled lizards
  29 rats
260 creatures vanquished.

Vanquished Creatures (collateral kills)
  An orc (D:3)
1 creature vanquished.

Vanquished Creatures (others)
  A jelly (D:6)
1 creature vanquished.

Grand Total: 262 creatures vanquished

Notes
Turn   | Place    | Note
-------+----------+-------------------------------------------
     0 | D:1      | RepHenryClay the Merfolk Warper began the quest for the
                  | Orb.
     0 | D:1      | Reached XP level 1. HP: 16/16 MP: 3/3
    53 | D:1      | Reached XP level 2. HP: 22/22 MP: 5/5
    73 | D:1      | Got the Folio of Geological Moulding
   463 | D:1      | Reached XP level 3. HP: 27/27 MP: 6/6
  1112 | D:2      | Reached XP level 4. HP: 27/33 MP: 7/7
  1220 | D:2      | Found a runed translucent door.
  1221 | D:2      | Noticed Crazy Yiuf
  1827 | D:3      | Found a transporter.
  1829 | D:3      | Noticed AlmostDecent's ghost (amateur GnIE)
  1849 | D:3      | Found a transporter.
  1861 | D:3      | Found a shadowy altar of Dithmenos.
  2008 | D:3      | Reached skill level 5 in Polearms
  2008 | D:3      | Reached skill level 5 in Dodging
  2008 | D:3      | Reached XP level 5. HP: 16/38 MP: 8/8
  2130 | D:3      | Found Porroum's Book Shop.
  2152 | D:3      | Found Boluq's Magic Scroll Boutique.
  2159 | D:3      | Found a hide-covered altar of Uskayaw.
  2180 | D:3      | Bought a scroll of teleportation for 36 gold pieces
  2180 | D:3      | Bought a scroll of identify for 24 gold pieces
  2426 | D:4      | Noticed Duvessa
  2426 | D:4      | Noticed Dowan
  2524 | D:4      | Reached XP level 6. HP: 38/44 MP: 9/9
  2928 | D:4      | Found a runed translucent door.
  2931 | D:4      | Noticed porpoise's ghost (novice KoHu)
  3038 | D:4      | Found a glowing drain.
  3045 | Sewer    | Entered a sewer
  3173 | Sewer    | Reached XP level 7. HP: 50/50 MP: 10/10
  3384 | D:4      | Killed Duvessa
  3452 | D:4      | Found a runed translucent door.
  3489 | D:4      | Killed Dowan
  3525 | D:4      | Noticed Blork the orc
  3531 | D:4      | Killed Blork the orc
  3730 | D:4      | Found Vohyrag's Armour Boutique.
  3927 | D:4      | Noticed Natasha
  3935 | D:4      | Killed Natasha
  3936 | D:4      | Reached XP level 8. HP: 47/56 MP: 11/11
  4155 | D:5      | Entered Level 5 of the Dungeon
  4815 | D:5      | Reached skill level 10 in Polearms
  4815 | D:5      | Reached skill level 10 in Dodging
  5133 | D:6      | Found a glowing golden altar of the Shining One.
  5380 | D:6      | Found a staircase to the Ecumenical Temple.
  5386 | D:6      | Noticed Sigmund
  5393 | Temple   | Entered the Ecumenical Temple
  5407 | Temple   | Became a worshipper of Warmaster Okawaru
  5501 | Temple   | Reached skill level 1 in Invocations
  5501 | Temple   | Reached XP level 9. HP: 51/61 MP: 12/12
  5609 | D:6      | Killed Sigmund
  5701 | D:6      | Noticed Urgle's ghost (novice DsFi)
  5702 | D:6      | Found a runed translucent door.
  5764 | D:6      | Noticed Grinder
  5783 | D:6      | Killed Grinder
  5814 | D:6      | Reached skill level 5 in Invocations
  5868 | D:6      | Found Qiteifowk's Assorted Antiques.
  6027 | D:7      | Noticed Prince Ribbit
  6034 | D:7      | Killed Prince Ribbit
  6078 | D:7      | Found a transporter.
  6081 | D:7      | Noticed a manticore
  6099 | D:7      | Reached * piety under Okawaru
  6151 | D:7      | Noticed a troll
  6169 | D:7      | Noticed a komodo dragon
  6176 | D:7      | Killed a komodo dragon
  6195 | D:7      | Noticed Maggie
  6207 | D:7      | Killed Maggie
  6381 | D:7      | Reached XP level 10. HP: 41/67 MP: 13/13
  6837 | D:7      | Noticed Pikel
  6871 | D:7      | Reached ** piety under Okawaru
  7060 | D:7      | Killed Pikel
  7156 | D:7      | Noticed a cyclops
  7557 | D:7      | Found a shimmering altar of Xom.
  7717 | D:6      | Bought a triangular soapstone amulet for 130 gold pieces
  7818 | D:8      | Found Uguob's Antique Weapon Boutique.
  7823 | D:8      | Found Pucviy's Magic Scroll Emporium.
  7824 | D:8      | Bought an ivory trident for 263 gold pieces
  7824 | D:8      | Identified the +0 trident of the Charming Seeker {flame,
                  | Will+} (You bought it in a shop on level 8 of the Dungeon)
  7920 | D:8      | Bought a scroll of identify for 32 gold pieces
  7920 | D:8      | Bought a scroll of identify for 32 gold pieces
  7920 | D:8      | Bought a scroll of identify for 32 gold pieces
  7968 | D:8      | Found a bloodstained altar of Trog.
  8009 | D:8      | Found Amugg's Book Shoppe.
  8030 | D:8      | Found Wycric's Antique Armour Boutique.
  8175 | D:8      | Found Osut's Assorted Antiques.
  8577 | D:8      | Reached skill level 1 in Shields
  8793 | D:9      | Found a hazy altar of Hepliaklqana.
  8856 | D:9      | Reached *** piety under Okawaru
  9024 | D:9      | Found a snail-covered altar of Cheibriados.
  9060 | D:9      | Paralysed by a hornet for 2 turns
  9183 | D:9      | Noticed a two-headed ogre
  9192 | D:9      | Killed a two-headed ogre
  9193 | D:9      | Reached skill level 5 in Shields
  9193 | D:9      | Reached XP level 11. HP: 72/72 MP: 11/14
  9402 | D:9      | Found a staircase to the Orcish Mines.
  9536 | Orc:1    | Entered Level 1 of the Orcish Mines
  9548 | D:9      | Reached **** piety under Okawaru
  9705 | Orc:2    | Entered Level 2 of the Orcish Mines
  9806 | Orc:1    | Noticed an ettin
  9806 | Orc:1    | Noticed a two-headed ogre
  9820 | Orc:2    | Slain by an ettin

Illustrated notes

Levels and vault maps discovered:
D:1:      nzn_arrival_settlement, layout_basic, columned_hall_lemuel,
          minmay_misc_feat_columns, eino_curves_02
D:2:      layout_basic, st_stairs_6, minmay_misc_feat_x, chequers_garden,
          minmay_pentomino_o4, uniq_crazy_yiuf_cottage
D:3:      layout_rooms, mainiacjoe_overflow_paths,
          nicolae_dithmenos_the_darkroom, gammafunk_ghost_arena, serial_shops,
          nicolae_shop_tiny_waterfront, shop
D:4:      minmay_wonky_spiral, layout_basic, gup_sewer_entry_bubbles,
          ebering_ghost_sewer_f, serial_shops, shop, uniq_duvessa, uniq_natasha,
          uniq_blork_the_orc
D:5:      layout_cave_pods
D:6:      layout_rooms, amcnicky_altar_gilded, minmay_temple_entry_sparse_star,
          serial_shops, nicolae_take_the_stairs, hellmonk_ghost_happy_afterlife,
          uniq_sigmund, uniq_grinder
D:7:      gammafunk_the_bubble [the_bubble_gammafunk_crates], layout_basic,
          kennysheep_mini_moat, uniq_prince_ribbit1, uniq_pikel, uniq_maggie
D:8:      layout_basic, mainiacjoe_overflow_chevrons, serial_shops,
          nicolae_shop_advertising_works [nicolae_subvault_shop_adworks], shop,
          nicolae_shop_just_a_little_nook, shop, shop, minmay_misc_feat_encased
D:9:      layout_roguey, mainiacjoe_overflow_surrounded_room,
          chei_slow_surprise, hiddenorc1_lemuel
Temple:   nicolae_temple_god_jail
Orc:1:    layout_caves, basic_altar
Orc:2:    st_orc_rangers, layout_diamond_mine, serial_shops, shop, uniq_maurice

Skill      XL: |  1  2  3  4  5  6  7  8  9 10 11 |
---------------+----------------------------------+-----
Polearms       | 3 4 5 6 8 10 12 13 | 13.5
Dodging        | 3 4 5 6 8 10 12 13 | 13.5
Invocations    | 1 5 |  5.0
Shields        | 5 7 |  7.3
Fighting       | |  2.3
Throwing       | |  1.1
Armour         | |  0.7
Spellcasting   | |  2.0
Translocations | |  2.4

Action                     |  1- 3 |  4- 6 |  7- 9 | 10-12 || total
---------------------------+-------+-------+-------+-------++-------
  Melee: Spear             |   131 |   122 |       |       ||   253
         Punch             |     1 |     3 |     4 |     5 ||    13
         Trident           |       |    74 |   291 |   325 ||   690
         Tailslap          |       |     3 |     5 |       ||     8
 Invoke: Heroism           |       |       |     1 |     3 ||     4
  Evoke: Wand              |       |       |       |     3 ||     3
    Use: Scroll            |       |     7 |     3 |     5 ||    15
         Potion            |       |       |     2 |       ||     2
   Stab: Sleeping          |     1 |     8 |     3 |     1 ||    13
         Invisible         |       |       |     4 |       ||     4
         Paralysed         |       |       |     1 |       ||     1
 Armour: Leather armour    |    30 |    22 |    31 |       ||    83
         Steam dragon scal |       |       |     1 |    34 ||    35
  Dodge: Dodged            |    81 |    86 |   149 |   192 ||   508
  Block: Buckler           |       |       |       |    49 ||    49

Table legend: (Time is in decaauts)
 A = Elapsed time spent in this place.
 B = Non-inter-level travel time spent in this place.
 C = Inter-level travel time spent in this place.
 D = Time resting spent in this place.
 E = Time spent auto-exploring this place.
 F = Levels seen in this place.
 G = Mean time per level.
                   A        B        C        D        E       F      G
               +--------+--------+--------+--------+--------+-----+--------+
         Total |   9556 |   8716 |    840 |    287 |   6514 |  13 |  735.1 |
       Dungeon |   8865 |   8047 |    818 |    139 |   6201 |   9 |  985.0 |
        Temple |    188 |    180 |      8 |    148 |      0 |   1 |  188.0 |
  Orcish Mines |    256 |    243 |     13 |      0 |    169 |   2 |  128.0 |
         Sewer |    246 |    246 |      0 |      0 |    143 |   1 |  246.0 |
               +--------+--------+--------+--------+--------+-----+--------+

Top non-repeatable levels by time:
     D:7: 1732 daAuts
     D:4: 1380 daAuts
     D:2: 1091 daAuts
     D:5: 963 daAuts
     D:8: 945 daAuts
     D:9: 729 daAuts
     D:1: 698 daAuts
     D:6: 696 daAuts
     D:3: 628 daAuts
   Sewer: 246 daAuts
  Temple: 188 daAuts
   Orc:1: 165 daAuts
   Orc:2: 91 daAuts
